 Dungeon Crawl Stone Soup version 0.25.0-26-g0c896c7 (webtiles) character file.

Game seed: 11783477476430720744

81970 Golfball the Brawler (level 15, -1/146 HPs)
             Began as a Troll Monk on July 3, 2020.
             Was the Champion of the Shining One.
             Slain by a tentacle (5 damage)
             ... attached to a kraken
             ... on level 1 of the Shoals on July 6, 2020.
             The game lasted 01:19:21 (21652 turns).

Golfball the Brawler (Troll Monk)                  Turns: 21652, Time: 01:19:22

Health: -1/146     AC: 17    Str: 23    XL:     15   Next: 28%
Magic:  23/23      EV: 11    Int:  6    God:    the Shining One [******]
Gold:   1975       SH: 17    Dex: 17    Spells: 14/14 levels left

rFire    + . .     SeeInvis .     - Unarmed
rCold    . . .     Gourm    +   m - +2 kite shield
rNeg     + + +     Faith    .   P - +1 acid dragon scales
rPois    .         Spirit   .   Q - +2 hat {MR+}
rElec    .         Reflect  +   x - +2 cloak
rCorr    +         Harm     .   (gloves unavailable)
MR       ++...                  (boots unavailable)
Stlth    +.........             J - amulet of reflection
HPRegen  0.74/turn              N - ring of protection from fire
MPRegen  0.18/turn              f - ring of resist corrosion

@: glowing, studying Invocations, very slow
A: large, unfitting armour, claws 3, fast metabolism 3, gourmand, regeneration
1, shaggy fur 1, tough skin 3
a: Divine Shield, Cleansing Flame, Summon Divine Warrior, Brand Weapon With Holy
Wrath, Renounce Religion


You were on level 1 of the Shoals.
You worshipped the Shining One.
The Shining One was exalted by your worship.
You were very full.

You visited 7 branches of the dungeon, and saw 24 of its levels.
You also visited: Ossuary.

You collected 1975 gold pieces.

Inventory:

Hand Weapons
 h - a +3 broad axe of flaming
 w - a +1 war axe of protection
 M - a +7 flail
Missiles
 g - 53 boomerangs (quivered)
 k - 619 stones
 v - 12 large rocks
 U - 5 javelins
 Z - 12 silver javelins
Armour
 m - a +2 kite shield (worn)
 x - a +2 cloak (worn)
 P - +1 acid dragon scales (worn)
 Q - a +2 hat of magic resistance (worn)
 V - a +2 robe of cold resistance
Jewellery
 f - a ring of resist corrosion (right claw)
 n - an uncursed ring of ice
 r - an uncursed ring of flight
 J - an amulet of reflection (around neck)
 K - an uncursed ring of see invisible
 N - a ring of protection from fire (left claw)
Wands
 i - a wand of flame (66)
 o - a wand of polymorph (17)
 F - a wand of paralysis (9)
 L - a wand of iceblast (34)
 O - a wand of disintegration (12)
Scrolls
 d - 15 scrolls of remove curse
 e - 4 scrolls of fear
 j - 7 scrolls of teleportation
 q - a scroll of brand weapon
 y - 2 scrolls of enchant weapon
 B - 2 scrolls of fog
 D - 2 scrolls of magic mapping
 Y - a scroll of blinking
Potions
 c - 2 potions of cancellation {unknown}
 s - 5 potions of lignification
 t - 4 potions of resistance
 u - 7 potions of curing
 z - 6 potions of flight
 A - 2 potions of haste
 C - a potion of heal wounds
 H - 4 potions of might
 S - a potion of invisibility {unknown}
 W - 2 potions of ambrosia {unknown}
Books
 R - a manual of Invocations
Miscellaneous
 a - a lightning rod (4/4)
 T - a phial of floods
 X - a box of beasts
Comestibles
 b - 37 rations


   Skills:
 - Level 9.0 Fighting
 - Level 8.0 Axes
 - Level 6.0 Throwing
 + Level 4.4 Armour
 - Level 5.5 Dodging
 - Level 1.0 Stealth
 - Level 5.5 Shields
 + Level 15.9 Unarmed Combat
 - Level 12.0 Invocations
 - Level 5.0 Evocations


You had 14 spell levels left.
You didn't know any spells.
Your spell library contained the following spells:

 Spells                   Type           Power        Failure   Level  Hunger
 Magic Dart               Conj           #...         78%         1    ##.....
 Summon Small Mammal      Summ           #...         78%         1    ##.....
 Call Imp                 Summ           #.......     89%         2    ###....
 Searing Ray              Conj           #.....       89%         2    ###....
 Call Canine Familiar     Summ           #.......     98%         3    ####...
 Dazzling Flash           Conj/Hex       #.....       98%         3    ####...
 Summon Guardian Golem    Hex/Summ       #.......     98%         3    ####...
 Fulminant Prism          Conj/Hex       #.........   100%        4    #####..
 Iskenderun's Mystic Bla  Conj/Tloc      #.......     100%        4    #####..
 Summon Ice Beast         Ice/Summ       #.......     100%        4    #####..
 Summon Lightning Spire   Summ/Air       #.......     100%        4    #####..


Dungeon Overview and Level Annotations

Branches:
Dungeon (12/15)            Temple (1/1) D:6            Lair (6/6) D:10
 Shoals (1/4) Lair:3        Snake (1/4) Lair:3        Slime (1/5) Lair:5
    Orc (2/2) D:10            Elf (0/3) Orc:2       Ossuary (visited)

Altars:
Ashenzari
Cheibriados
Dithmenos
Elyvilon
Fedhas
Gozag
Hepliaklqana
Kikubaaqudgha
Makhleb
Nemelex Xobeh
Okawaru
Qazlal
Ru
Sif Muna
Trog
Uskayaw
Vehumet
Wu Jian
Xom
Yredelemnul
Zin
The Shining One
Beogh

Shops:
D:4 %   D:5 *   D:12 *   Orc:1 :   Orc:2 [=((   Shoals:1 (

Annotations:
D:9 3 runed translucent doors, jlumianski's ghost, novice GrFi; slitherrr's ghost, novice HuIE
Lair:1 3 runed translucent doors, Golfball's ghost, journeyman TrMo
Lair:6 2 transporters, zeroc00l's ghost, journeyman TrWz
Orc:1 2 transporters


Innate Abilities, Weirdness & Mutations

You are too large for most types of armour.
You have claws for hands.
Your metabolism is lightning-fast.
You like to eat raw meat.
Your natural rate of healing is unusually fast.
You are covered in fur. (AC +1)
You have extremely tough skin. (AC +3)


Message History

The kraken squirts a massive cloud of ink into the water!
You block the tentacle's attack.
You scratch the kraken.
The kraken is severely wounded.
The tentacle slaps you!! You block the kraken's attack.
You block the tentacle's attack. x2
You scratch the kraken but do no damage.
The kraken is severely wounded.
You block the tentacle's attack. The tentacle slaps you!!
The kraken squirts a massive cloud of ink into the water!
You block the tentacle's attack. x2; The tentacle slaps you!
You scratch the kraken but do no damage.
The kraken is severely wounded.
The tentacle closely misses you. The tentacle slaps you!
* * * LOW HITPOINT WARNING * * *
The kraken bites you!!
* * * LOW HITPOINT WARNING * * *
The tentacle barely misses you. You block the tentacle's attack.
The tentacle slaps you.
You die...

≈...≈≈≈≈>≈≈≈≈.♣#≈≈≈≈≈≈≈≈≈≈≈≈≈≈≈≈≈
≈...#≈≈≈≈≈≈≈≈.♣#≈≈≈≈≈≈≈≈≈≈≈≈≈≈≈≈≈
≈≈..#≈≈≈≈≈≈≈≈.♣#≈≈≈≈≈≈≈≈≈≈≈≈≈≈≈≈≈
≈≈...♣≈≈≈≈≈≈..♣≈≈≈≈≈≈≈≈≈≈≈≈≈≈≈≈≈≈
≈≈≈..♣♣≈≈≈≈#..♣≈≈≈≈≈≈≈≈≈≈≈≈≈≈≈≈≈≈
≈≈≈♣....###..♣#≈≈≈≈≈≈≈≈≈≈≈≈≈≈≈≈≈≈
≈≈≈♣.♣♣.#....♣§§§≈§≈≈≈≈≈≈≈≈≈≈≈≈≈≈
≈≈≈♣♣♣.#....##§www§≈≈≈≈≈≈≈≈≈≈≈≈≈≈
≈≈≈≈♣♣.∩.####≈≈§@§§≈≈≈≈≈≈≈≈≈≈≈≈≈≈
≈≈≈≈≈≈###≈≈≈≈≈≈w§X§≈≈≈≈≈≈≈≈≈≈≈≈≈≈
≈≈≈≈≈≈≈≈≈≈≈≈≈≈§§§§§≈≈≈≈≈≈≈≈≈≈≈≈≈≈
≈≈≈≈≈≈≈≈≈≈≈≈≈≈≈≈≈≈≈≈≈≈≈≈≈≈≈≈≈≈≈≈.
≈≈≈≈≈≈≈≈≈≈≈≈≈≈≈≈≈≈≈≈≈≈≈≈≈≈≈≈≈≈≈≈.
≈≈≈≈≈≈≈≈≈≈≈≈≈≈≈≈≈≈≈≈≈≈≈≈≈≈≈≈≈≈≈≈.
≈≈≈≈≈≈≈≈≈≈≈≈≈≈≈≈≈≈≈≈≈≈≈≈≈≈≈≈≈≈≈≈≈
≈≈≈≈≈≈≈≈≈≈≈≈≈≈≈≈≈≈≈≈≈≈≈≈≈≈≈≈≈≈≈≈≈
≈≈≈≈≈≈≈≈≈≈≈≈≈≈≈≈≈≈≈≈ ≈≈≈≈≈≈≈≈≈≈


You could see a kraken and 4 tentacles.

Vanquished Creatures
  Rupert (Lair:6)
  Gastronok (D:10)
  2 entropy weavers (D:11)
  A merfolk javelineer (Shoals:1)
  Snorg (Orc:2)
  An ettin (Orc:2)
  Josephine (Orc:2)
  A naga warrior (Snake:1)
  Fannar (Lair:1)
  3 hydras
  Harold (Orc:1)
  4 two-headed ogres
  Erica (D:9)
  A queen ant (D:11)
  4 orc high priests
  Sonja (D:12)
  A skeletal warrior (D:10)
  2 sea snakes (Shoals:1)
  7 harpies (Shoals:1)
  A lindwurm (Lair:5)
  An orc knight (Orc:1)
  An ugly thing (D:12)
  A merfolk siren (Shoals:1)
  3 manticores (Shoals:1)
  4 orc sorcerers
  2 cyclopes
  A faun (shapeshifter) (D:10)
  4 elephants (Lair:4)
  6 black mambas
  13 spiny frogs
  A naga mage (Snake:1)
  A guardian serpent (Lair:3)
  2 water nymphs (Shoals:1)
  Maggie (D:9)
  2 rime drakes
  2 komodo dragons
  A tyrant leech (Lair:4)
  4 merfolk (Shoals:1)
  6 trolls
  11 polar bears
  6 hornets (Lair:6)
  8 blink frogs (Lair:6)
  28 dream sheep
  8 hippogriffs
  4 slime creatures (Lair:5)
  2 snapping turtles (Shoals:1)
  A wind drake (Shoals:1)
  A vampire (D:11)
  14 spriggans
  2 shadows
  6 wraiths
  A water elemental (Shoals:1)
  A wyvern (Lair:2)
  Sigmund (D:4)
  A basilisk (Lair:6)
  17 yaks
  4 fire bats (D:10)
  4 vampire mosquitoes (D:11)
  A hungry ghost (D:12)
  3 swamp worms (Lair:4)
  18 soldier ants
  2 wargs (Orc:1)
  A naga (Lair:3)
  14 water moccasins
  5 porcupines
  A hell hound (D:10)
  5 black bears
  3 sky beasts
  27 orc warriors
  3 phantoms
  An eye of draining (D:10)
  3 ice beasts
  12 ogres
  17 wolves
  3 boggarts (Lair:6)
  4 centaurs
  17 crocodiles
  2 big kobolds
  15 bullfrogs
  4 scorpions
  16 wights
  2 lava snakes (D:10)
  6 centaur zombies
  4 howler monkeys
  5 crimson imps
  2 bullfrog zombies
  A centaur skeleton (D:10)
  Crazy Yiuf (D:4)
  10 hounds
  2 bullfrog skeletons
  2 human zombies (Ossuary)
  40 orc priests
  12 jellies
  Jessica (D:2)
  Terence (D:2)
  3 iguanas
  28 orc wizards
  28 worker ants
  2 big kobold zombies (Ossuary)
  2 mummies (Ossuary)
  A hound zombie (D:10)
  3 hound skeletons
  8 gnolls
  A howler monkey skeleton (D:8)
  20 adders
  5 shadow imps
  An ooze (Lair:5)
  An adder zombie (Ossuary)
  3 adder skeletons
  3 worms
  3 dart slugs
  6 leopard geckos
  65 orcs
  A ball python (Lair:3)
  10 bats
  4 giant cockroaches
  6 hobgoblins
  27 jackals
  3 quokkas
  7 frilled lizards
  4 goblins
  A goblin zombie (Ossuary)
  10 hobgoblin zombies (Ossuary)
  A jackal skeleton (D:7)
  2 jackal zombies
  16 kobolds
  6 kobold zombies (Ossuary)
  A leopard gecko skeleton (D:4)
  10 orc zombies (Ossuary)
  9 rats
  A rat zombie (Ossuary)
  A spectral orc (D:5)
  A fire vortex (D:10)
  A plant (Lair:4)
  3 tentacles (Shoals:1)
786 creatures vanquished.

Vanquished Creatures (others)
  A kobold (D:8)
  A fire vortex (D:10)
  2 fungi (Lair:6)
  2 plants
  A tentacle (Shoals:1)
  A withered plant (D:9)
8 creatures vanquished.

Grand Total: 794 creatures vanquished

Notes
Turn   | Place    | Note
-------+----------+-------------------------------------------
     0 | D:1      | Golfball the Troll Monk began the quest for the Orb.
     0 | D:1      | Reached XP level 1. HP: 22/22 MP: 0/0
    90 | D:1      | Reached XP level 2. HP: 29/29 MP: 1/1
   788 | D:1      | Reached XP level 3. HP: 37/37 MP: 2/2
  1167 | D:2      | Found a faded altar of an unknown god.
  1168 | D:2      | Noticed Jessica
  1172 | D:2      | Killed Jessica
  1172 | D:2      | Reached skill level 4 in Unarmed Combat
  1180 | D:2      | Reached XP level 4. HP: 35/45 MP: 3/3
  1235 | D:2      | Found a glowing golden altar of the Shining One.
  1270 | D:2      | Became a worshipper of the Shining One
  1270 | D:2      | Reached * piety under the Shining One
  1270 | D:2      | Reached ** piety under the Shining One
  1290 | D:2      | Noticed Terence
  1296 | D:2      | Killed Terence
  1451 | D:2      | Found a burning altar of Makhleb.
  1451 | D:2      | Found a radiant altar of Vehumet.
  1763 | D:3      | Reached XP level 5. HP: 52/54 MP: 4/4
  1904 | D:3      | Noticed a +0 hand axe
  1904 | D:3      | Noticed a +0 hand axe
  1905 | D:3      | Found a hide-covered altar of Uskayaw.
  1929 | D:3      | Found a hazy altar of Hepliaklqana.
  2026 | D:3      | Found an opulent altar of Gozag.
  2186 | D:3      | Found a shimmering blue altar of Sif Muna.
  2307 | D:4      | Reached skill level 5 in Unarmed Combat
  2316 | D:4      | Reached XP level 6. HP: 31/63 MP: 5/5
  2485 | D:4      | Noticed Sigmund
  2495 | D:4      | Killed Sigmund
  2568 | D:4      | Found a runed translucent door.
  2569 | D:4      | Noticed Crazy Yiuf
  2575 | D:4      | Killed Crazy Yiuf
  2575 | D:4      | Reached skill level 5 in Fighting
  2575 | D:4      | Reached skill level 6 in Unarmed Combat
  2575 | D:4      | Reached XP level 7. HP: 65/72 MP: 6/6
  2789 | D:4      | Found Jucs's Food Emporium.
  3327 | D:5      | Entered Level 5 of the Dungeon
  3648 | D:5      | Reached skill level 7 in Unarmed Combat
  3793 | D:5      | Found Feob's General Store.
  3936 | D:5      | Found a basalt altar of Yredelemnul.
  3984 | D:5      | Reached XP level 8. HP: 83/83 MP: 7/7
  4094 | D:6      | Reached *** piety under the Shining One
  4099 | D:6      | Reached skill level 1 in Shields
  4099 | D:6      | Reached skill level 1 in Invocations
  4252 | D:6      | Found a sand-covered staircase.
  4257 | Ossuary  | Entered an ossuary
  4302 | Ossuary  | Reached **** piety under the Shining One
  4371 | Ossuary  | Reached ***** piety under the Shining One
  4993 | D:6      | Found a staircase to the Ecumenical Temple.
  5002 | Temple   | Entered the Ecumenical Temple
  5294 | D:6      | Reached XP level 9. HP: 84/89 MP: 11/11
  5403 | D:7      | Found a snail-covered altar of Cheibriados.
  5457 | D:7      | Found an ancient bone altar of Kikubaaqudgha.
  5528 | D:7      | Reached skill level 5 in Invocations
  5676 | D:7      | Reached skill level 5 in Shields
  5877 | D:7      | Reached skill level 1 in Throwing
  5992 | D:7      | Found a blossoming altar of Fedhas.
  6223 | D:8      | Noticed a two-headed ogre
  6465 | D:8      | Reached skill level 8 in Unarmed Combat
  6521 | D:8      | Killed a two-headed ogre
  6521 | D:8      | Reached XP level 10. HP: 73/98 MP: 13/13
  7109 | D:9      | Noticed Erica
  7127 | D:9      | Killed Erica
  7127 | D:9      | Reached skill level 5 in Throwing
  7127 | D:9      | Reached skill level 9 in Unarmed Combat
  7279 | D:9      | Found a shattered altar of Ashenzari.
  7280 | D:9      | Reached ****** piety under the Shining One
  7415 | D:9      | Reached skill level 10 in Unarmed Combat
  7580 | D:9      | Noticed Maggie
  7592 | D:9      | Killed Maggie
  7860 | D:9      | Found a runed translucent gate.
  7860 | D:9      | Found a runed translucent gate.
  7860 | D:9      | Found a runed translucent gate.
  7864 | D:9      | Noticed jlumianski's ghost (novice GrFi)
  7864 | D:9      | Noticed slitherrr's ghost (novice HuIE)
  7939 | D:10     | Entered Level 10 of the Dungeon
  7981 | D:10     | Reached XP level 11. HP: 107/107 MP: 14/14
  8152 | D:10     | Found a staircase to the Orcish Mines.
  8390 | D:10     | Reached skill level 11 in Unarmed Combat
  8648 | D:10     | Reached skill level 1 in Evocations
  8652 | D:10     | Found a staircase to the Lair.
  8815 | D:10     | Noticed Gastronok
  8836 | D:10     | Killed Gastronok
  9097 | D:11     | Noticed a two-headed ogre
  9114 | D:10     | Killed a two-headed ogre
  9766 | D:11     | Noticed a skeletal warrior
  9783 | D:11     | Noticed a mana viper
  9783 | D:11     | a jumping spider changed into a mana viper
  9786 | D:11     | a mana viper changed into a faun
  9802 | D:10     | Killed a skeletal warrior
  9869 | D:10     | Reached XP level 12. HP: 108/123 MP: 15/15
  9898 | D:10     | Reached skill level 5 in Evocations
  9984 | D:11     | Reached skill level 1 in Axes
 10304 | Lair:1   | Entered Level 1 of the Lair of Beasts
 10437 | Lair:1   | Noticed Fannar
 10456 | Lair:1   | Killed Fannar
 10571 | Lair:1   | Noticed Golfball's ghost (journeyman TrMo)
 10573 | Lair:1   | Noticed a six-headed hydra
 10577 | Lair:1   | Found a runed translucent gate.
 10577 | Lair:1   | Found a runed translucent gate.
 10579 | Lair:1   | Found a runed translucent gate.
 11425 | Lair:2   | Reached skill level 5 in Dodging
 12027 | Lair:2   | Reached skill level 5 in Axes
 12084 | Lair:3   | Found a staircase to the Shoals.
 12196 | Lair:3   | Found a staircase to the Snake Pit.
 13273 | Lair:4   | Reached skill level 12 in Unarmed Combat
 13344 | Lair:4   | Reached XP level 13. HP: 131/131 MP: 16/16
 13644 | Lair:4   | Got a buzzing hunting sling
 13645 | Lair:4   | Identified the +2 hunting sling of Valiance {freeze, Int+8}
                  | (You found it on level 4 of the Lair of Beasts)
 14089 | Lair:5   | Reached skill level 13 in Unarmed Combat
 14192 | Lair:5   | Found a staircase to the Slime Pits.
 14687 | Slime:1  | Entered Level 1 of the Pits of Slime
 14803 | Lair:6   | Entered Level 6 of the Lair of Beasts
 14834 | Lair:6   | Found a transporter.
 14835 | Lair:6   | Identified the +2 trident "Saim" {vorpal, rF+ rC- Dex+4}
 14836 | Lair:6   | Found a transporter.
 14838 | Lair:6   | Identified the +10 broad axe of the Radish {elec, Stlth+}
 14839 | Lair:6   | Identified the +3 spear "Toumaixi" {elec, rC- Str+2 Stlth+}
 14839 | Lair:6   | Noticed zeroc00l's ghost (journeyman TrWz)
 14842 | Lair:6   | Found a bloodstained altar of Trog.
 14857 | Lair:6   | Found a stormy altar of Qazlal.
 15016 | Lair:6   | Reached skill level 14 in Unarmed Combat
 15298 | Lair:6   | Noticed Rupert
 15327 | Lair:6   | Killed Rupert
 15852 | Lair:6   | Reached XP level 14. HP: 124/140 MP: 18/18
 15881 | Lair:6   | Identified a scroll of acquirement
 15918 | Lair:6   | HP: 2/140 [spiny frog[a boggart] (10)]
 15918 | Lair:6   | The Shining One protects you from harm!
 16720 | D:12     | Noticed Sonja
 16728 | D:12     | Killed Sonja
 16844 | D:12     | Found Qyobrin's Assorted Antiques.
 17133 | D:11     | Reached skill level 10 in Invocations
 17275 | D:12     | Noticed an entropy weaver
 17311 | D:11     | Killed an entropy weaver
 17667 | D:12     | Noticed an entropy weaver
 17690 | D:11     | Killed an entropy weaver
 17937 | Orc:1    | Entered Level 1 of the Orcish Mines
 17974 | Orc:1    | Noticed Harold
 17988 | Orc:1    | Killed Harold
 18449 | Orc:1    | Found a transporter.
 18457 | Orc:1    | Found a roughly hewn altar of Beogh.
 18457 | Orc:1    | Found a transporter.
 18476 | Orc:2    | Entered Level 2 of the Orcish Mines
 18780 | Orc:2    | Reached skill level 15 in Unarmed Combat
 18851 | Orc:2    | Found Mubraqaw's Antique Armour Shop.
 18853 | Orc:2    | Found Luuskup's Jewellery Shop.
 18863 | Orc:2    | Found Funybah's Antique Weapon Boutique.
 18876 | Orc:2    | Found Alek's Antique Weapon Boutique.
 18946 | Orc:2    | Found a staircase to the Elven Halls.
 19018 | Orc:2    | Noticed Josephine
 19028 | Orc:2    | Killed Josephine
 19028 | Orc:2    | Reached skill level 1 in Armour
 19281 | Orc:2    | Noticed Snorg
 19291 | Orc:2    | Killed Snorg
 19567 | Orc:1    | Found Pety's Book Boutique.
 19848 | Snake:1  | Entered Level 1 of the Snake Pit
 20142 | Snake:1  | Reached XP level 15. HP: 97/146 MP: 23/23
 20286 | Shoals:1 | Entered Level 1 of the Shoals
 20816 | Shoals:1 | Found Zyx Jus's Weapon Emporium.
 21302 | Shoals:1 | Got an ichor-stained robe
 21313 | Shoals:1 | Identified the +5 robe "Soadgho" {rF++ MR+ Regen+ SInv}
                  | (You found it on level 1 of the Shoals)
 21635 | Shoals:1 | Noticed a kraken
 21652 | Shoals:1 | HP: 4/146 [kraken (30)]
 21652 | Shoals:1 | Slain by a tentacle

Illustrated notes

Levels and vault maps discovered:
D:1:      shiori_arrival_oz, layout_basic, serial_bayou_ford_a,
          minmay_misc_feat_alley
D:2:      layout_basic, gammafunk_temple_overflow_elements, tso_metal_star,
          chequers_ecumenical_altar_simple_redux, uniq_terence, uniq_jessica
D:3:      layout_basic, dancing_weapons_uskayaw, old_standard_altar,
          lemuel_coloured_pillars_altar, nicolae_overflow_crystal_walls,
          first_ration
D:4:      layout_loops_corners, serial_shops, kennysheep_mini_moat,
          uniq_sigmund, uniq_crazy_yiuf_cottage
D:5:      layout_loops_ring, yredelemnul_forgotten_temple_becter, serial_shops,
          nicolae_shop_trees
D:6:      layout_basic, minmay_temple_entry_stoned_glass, enter_ossuary_5
D:7:      layout_basic, marbit_many_paths, kiku_gazebo_garden_becter,
          fedhas_altar_4
D:8:      layout_gridville, the_bakery
D:9:      layout_roguey, old_standard_altar, gammafunk_ghost_cemetery,
          serial_curves, eino_curves_03, eino_curves_03, uniq_maggie, uniq_erica
D:10:     minmay_octagon_keep, layout_basic, lair_entry_dummy, david_orc_4,
          hangedman_decor_riveting, hangedman_incinerator, uniq_gastronok
D:11:     cheibrodos_fzero, layout_basic
D:12:     layout_cave_pools, serial_shops, shop, zaba_antful_of_joy, uniq_sonja
Temple:   compressed_dpeg_circular_temple
Lair:1:   layout_big_grid, gammafunk_ghost_split, cheibrodos_lair_lostbears,
          uniq_fannar
Lair:2:   layout_regular_city
Lair:3:   layout_roguey, minmay_shoals_entry_centaurs,
          minmay_snake_entry_six_corridors
Lair:4:   layout_misc_corridors, worms_lemuel
Lair:5:   layout_hall_layers, minmay_slime_entry_jelly_boxes
Lair:6:   minmay_lair_end_enchanted_forest, layout_misc_corridors,
          gammafunk_ghost_wrathful_warriors, basic_altar, uniq_rupert
Shoals:1: layout_shoals, nicolae_shoals_c_island
Snake:1:  layout_chambers, uniq_aizul
Slime:1:  layout_caves, cheibrodos_slime_lost_civilization_7
Orc:1:    gammafunk_beogh_shrine, layout_caves, serial_shops, shop, uniq_harold
Orc:2:    st_orc_mages, layout_caves, special_room, uniq_josephine, uniq_snorg

Skill      XL: |  1  2  3  4  5  6  7  8  9 10 11 12 13 14 15 |
---------------+----------------------------------------------+-----
Fighting       | 3 4 5 6 9 |  9.0
Unarmed Combat | 4 5 6 7 8 10 11 12 14 15 | 15.9
Shields        | 4 5 |  5.5
Invocations    | 4 6 7 12 | 12.0
Throwing       | 4 6 |  6.0
Evocations     | 4 5 |  5.0
Axes           | 5 7 8 |  8.0
Dodging        | 5 |  5.5
Armour         | 2 4 |  4.4
Stealth        | |  1.0

Action                   |  1- 3 |  4- 6 |  7- 9 | 10-12 | 13-15 || total
-------------------------+-------+-------+-------+-------+-------++-------
Melee: Unarmed           |    73 |   143 |   379 |   711 |   994 ||  2300
       Punch             |     1 |       |       |       |       ||     1
       Broad axe         |       |       |       |       |    38 ||    38
Throw: Boomerang         |       |       |       |    69 |    51 ||   120
Invok: Divine Shield     |       |       |       |     3 |     1 ||     4
       Cleansing Flame   |       |       |       |     1 |       ||     1
  Use: Scroll            |       |       |     7 |    20 |    11 ||    38
       Potion            |       |       |       |       |     4 ||     4
 Stab: Sleeping          |     9 |       |       |       |       ||     9
  Eat: Chunk             |    16 |    13 |    37 |    59 |    79 ||   204
Armor: Robe              |    30 |    48 |    59 |    10 |       ||   147
       Acid dragon scale |       |       |       |   118 |   265 ||   383
Dodge: Dodged            |    42 |    32 |    74 |   147 |   284 ||   579
Block: Kite shield       |     9 |    67 |   195 |   501 |   878 ||  1650
       Reflection        |       |       |       |    22 |    13 ||    35
